BSA
ST CHARLES SHEENS @ FRESNO DEPLORABLES
09/13/2026
 
TOP OF THE 1ST
St Charles Sheens batting - Pitching for Portland Cards : RHP Manuel Fuentes
Pitching: RHP Manuel Fuentes
Batting: LHB Gene Cooper 0-0: Ball
1-0: Ball
2-0: Ground out U3 (Groundball, 3L)
Batting: RHB Dan Tyler 0-0: Called Strike
0-1: Ball
1-1: Foul Ball, location: 2F
1-2: Ground out 5-3 (Groundball, 56)
Batting: LHB Bob Ware 0-0: Ball
1-0: Called Strike
1-1: Ball
2-1: Foul Ball, location: 2F
2-2: Foul Ball, location: 2F
2-2: Ball
3-2: Fly out, F7 (Flyball, 7M)
Top of the 1st over - 0 run(s), 0 hit(s), 0 error(s), 0 left on base; St Charles 0 - Portland 0
BOTTOM OF THE 1ST
Portland Cards batting - Pitching for St Charles Sheens : RHP Joe O'Sullivan
Pitching: RHP Joe O'Sullivan
Batting: LHB Keith Beard 0-0: Ground out U3 (Groundball, 3)
Batting: RHB Dani Vázquez 0-0: Foul Ball, location: 2F
0-1: Ball
1-1: Ball
2-1: Ball
3-1: Called Strike
3-2: Base on Balls
Batting: LHB Jeff Daniels 0-0: Swinging Strike
0-1: Foul Ball, location: 2F
0-2: Grounds into double play, 1-6-3 (Groundball, 13)
Bottom of the 1st over - 0 run(s), 0 hit(s), 0 error(s), 0 left on base; St Charles 0 - Portland 0
TOP OF THE 2ND
St Charles Sheens batting - Pitching for Portland Cards : RHP Manuel Fuentes
Batting: RHB Judson Backstrom 0-0: Swinging Strike
0-1: Fly out, F7 (Flyball, 7D)
Batting: LHB Juan Jose Rojas 0-0: Ball
1-0: Fly out, F9 (Flyball, 9M)
Batting: LHB Stan Bates 0-0: Fly out, F6 (Popup, 6MD)
Top of the 2nd over - 0 run(s), 0 hit(s), 0 error(s), 0 left on base; St Charles 0 - Portland 0
BOTTOM OF THE 2ND
Portland Cards batting - Pitching for St Charles Sheens : RHP Joe O'Sullivan
Batting: LHB Paul Mullins 0-0: Ground out 4-3 (Groundball, 4)
Batting: RHB Paco Arellano 0-0: Called Strike
0-1: Swinging Strike
0-2: Foul Ball, location: 2F
0-2: Foul Ball, location: 2F
0-2: Ball
1-2: SOLO HOME RUN (Flyball, 89XD), Distance : 376 ft
Batting: RHB Germán Rosales 0-0: Ball
1-0: Ground out 3-1 (Groundball, 34)
Batting: LHB Vicente Bueno 0-0: Ball
1-0: Foul Ball, location: 2F
1-1: Called Strike
1-2: Strikes out swinging
Bottom of the 2nd over - 1 run(s), 1 hit(s), 0 error(s), 0 left on base; St Charles 0 - Portland 1
TOP OF THE 3RD
St Charles Sheens batting - Pitching for Portland Cards : RHP Manuel Fuentes
Batting: RHB Guillermo Sánchez 0-0: Called Strike
0-1: Ball
1-1: Ball
2-1: Foul Ball, location: 2F
2-2: SINGLE (Line Drive, 56D)
Batting: RHB Max Rash 0-0: Ball
1-0: Ground out 5-3 (Groundball, 5S)
Guillermo Sánchez to second
Batting: SHB Theron Harper 0-0: Called Strike
0-1: Ball
1-1: Ball
2-1: Fly out, F8 (Flyball, 89M)
Batting: LHB Gene Cooper 0-0: Called Strike
0-1: Ball
1-1: Fly out, F8 (Flyball, 8RM)
Top of the 3rd over - 0 run(s), 1 hit(s), 0 error(s), 1 left on base; St Charles 0 - Portland 1
BOTTOM OF THE 3RD
Portland Cards batting - Pitching for St Charles Sheens : RHP Joe O'Sullivan
Batting: RHB Lonson Seals 0-0: Called Strike
0-1: Fly out, F9 (Flyball, 9M)
Batting: RHB Pepe Medrano 0-0: Ball
1-0: Ball
2-0: DOUBLE (Line Drive, 7LM)
Batting: LHB Keith Beard 0-0: Reached on Error, E4 (Popup, 3D)
Pepe Medrano to third
Batting: RHB Dani Vázquez 0-0: Ball
1-0: Fly out, F3 (Line Drive, 34)
1-0: Lined into DP, U3 (Line Drive, 34)
Bottom of the 3rd over - 0 run(s), 1 hit(s), 1 error(s), 1 left on base; St Charles 0 - Portland 1
TOP OF THE 4TH
St Charles Sheens batting - Pitching for Portland Cards : RHP Manuel Fuentes
Batting: RHB Dan Tyler 0-0: Ball
1-0: Ball
2-0: Bunted foul
2-1: Foul Ball, location: 2F
2-2: Ball
3-2: Fly out, F9 (Flyball, 9M)
Batting: LHB Bob Ware 0-0: Ball
1-0: Swinging Strike
1-1: Swinging Strike
1-2: Strikes out swinging
Batting: RHB Judson Backstrom 0-0: Fly out, F3 (Popup, 23)
Top of the 4th over - 0 run(s), 0 hit(s), 0 error(s), 0 left on base; St Charles 0 - Portland 1
BOTTOM OF THE 4TH
Portland Cards batting - Pitching for St Charles Sheens : RHP Joe O'Sullivan
Batting: LHB Jeff Daniels 0-0: Ball
1-0: Ball
2-0: Ground out 4-3 (Groundball, 34)
Batting: LHB Paul Mullins 0-0: Ball
1-0: Ground out 4-3 (Groundball, 4)
Batting: RHB Paco Arellano 0-0: Foul Ball, location: 2F
0-1: Foul Ball, location: 2F
0-2: Ball
1-2: Ball
2-2: DOUBLE (Line Drive, 3D)
Batting: RHB Germán Rosales 0-0: Called Strike
0-1: Called Strike
0-2: DOUBLE (Line Drive, 7LM)
Paco Arellano scores
Batting: LHB Vicente Bueno 0-0: Called Strike
0-1: Called Strike
0-2: Ball
1-2: Foul Ball, location: 2F
1-2: Foul Ball, location: 2F
1-2: SINGLE (Line Drive, 4MD)
Germán Rosales to third
Runner from 3rd tries for Home, SAFE, no throw or cutoff
Batting: RHB Lonson Seals 0-0: Ball
1-0: Ball
2-0: Ground out 4-3 (Groundball, 4)
Bottom of the 4th over - 2 run(s), 3 hit(s), 0 error(s), 1 left on base; St Charles 0 - Portland 3
TOP OF THE 5TH
St Charles Sheens batting - Pitching for Portland Cards : RHP Manuel Fuentes
Batting: LHB Juan Jose Rojas 0-0: Called Strike
0-1: Swinging Strike
0-2: Fly out, F8 (Line Drive, 8RM)
Batting: LHB Stan Bates 0-0: Foul Ball, location: 2F
0-1: Ball
1-1: Ball
2-1: Ground out 6-3 (Groundball, 6M)
Batting: RHB Guillermo Sánchez 0-0: Ball
1-0: Called Strike
1-1: Ground out U3 (Groundball, 3)
Top of the 5th over - 0 run(s), 0 hit(s), 0 error(s), 0 left on base; St Charles 0 - Portland 3
BOTTOM OF THE 5TH
Portland Cards batting - Pitching for St Charles Sheens : RHP Joe O'Sullivan
Batting: RHB Pepe Medrano 0-0: Foul Ball, location: 2F
0-1: Fly out, F8 (Flyball, 78XD)
Batting: LHB Keith Beard 0-0: Foul Ball, location: 2F
0-1: Foul Ball, location: 2F
0-2: Ball
1-2: SINGLE (Groundball, 4M)
Batting: RHB Dani Vázquez 0-0: Fly out, F6 (Line Drive, 6MD)
0-0: Fly out, F6 (Line Drive, 6MD)
Batting: LHB Jeff Daniels 0-0: Foul Ball, location: 2F
0-1: Called Strike
0-2: Foul Ball, location: 2F
0-2: Strikes out swinging
Bottom of the 5th over - 0 run(s), 1 hit(s), 0 error(s), 1 left on base; St Charles 0 - Portland 3
TOP OF THE 6TH
St Charles Sheens batting - Pitching for Portland Cards : RHP Manuel Fuentes
Batting: RHB Max Rash 0-0: Foul Ball, location: 2F
0-1: Foul Ball, location: 2F
0-2: Ball
1-2: Foul Ball, location: 2F
1-2: Foul Ball, location: 2F
1-2: Ground out 6-3 (Groundball, 56)
Batting: SHB Theron Harper 0-0: Swinging Strike
0-1: Swinging Strike
0-2: Ball
1-2: Foul Ball, location: 2F
1-2: Ball
2-2: Ball
3-2: DOUBLE (Flyball, 8LXD)
Batting: LHB Gene Cooper 0-0: Called Strike
0-1: Foul Ball, location: 2F
0-2: Ball
1-2: SINGLE (Groundball, 4MD)
Theron Harper to third
Runner from 3rd tries for Home, SAFE, no throw or cutoff
Batting: RHB Dan Tyler 0-0: Ball
1-0: Called Strike
1-1: Foul Ball, location: 2F
1-2: Ball
2-2: Foul Ball, location: 2F
2-2: Reached on error, E5 (Groundball, 56)
Gene Cooper to second
Batting: LHB Bob Ware 0-0: Foul Ball, location: 2F
0-1: Called Strike
0-2: Ball
1-2: Fly out, F7 (Flyball, 7M)
Batting: RHB Judson Backstrom 0-0: Ball
1-0: Foul Ball, location: 2F
1-1: Called Strike
1-2: SINGLE (Line Drive, 78S)
Gene Cooper to third
Dan Tyler to second
Runner from 3rd tries for Home, SAFE, no throw or cutoff
Batting: LHB Juan Jose Rojas 0-0: Ball
1-0: Foul Ball, location: 2F
1-1: SINGLE (Groundball, 4M)
Dan Tyler to third
Judson Backstrom to second
Runner from 3rd tries for Home, SAFE, throw made home
Batting: LHB Stan Bates 0-0: Called Strike
0-1: 3-RUN HOME RUN (Flyball, 9D), Distance : 345 ft
Batting: RHB Guillermo Sánchez 0-0: Foul Ball, location: 2F
0-1: Ball
1-1: Ball
2-1: Fly out, F7 (Flyball, 78S)
Top of the 6th over - 6 run(s), 5 hit(s), 1 error(s), 0 left on base; St Charles 6 - Portland 3
BOTTOM OF THE 6TH
Portland Cards batting - Pitching for St Charles Sheens : RHP Joe O'Sullivan
Batting: LHB Paul Mullins 0-0: Ball
1-0: Called Strike
1-1: Fly out, F8 (Flyball, 78D)
Batting: RHB Paco Arellano 0-0: Ball
1-0: SINGLE (Groundball, 56D)
Batting: RHB Germán Rosales 0-0: Called Strike
0-1: Grounds into double play, 6-4-3 (Groundball, 6)
Bottom of the 6th over - 0 run(s), 1 hit(s), 0 error(s), 0 left on base; St Charles 6 - Portland 3
TOP OF THE 7TH
St Charles Sheens batting - Pitching for Portland Cards : RHP Manuel Fuentes
Pitching: RHP Yong-hoon Park
Batting: RHB Max Rash 0-0: Ground out 5-3 (Groundball, 56)
Batting: SHB Theron Harper 0-0: Called Strike
0-1: Swinging Strike
0-2: Strikes out looking
Batting: LHB Gene Cooper 0-0: Ball
1-0: Ground out 4-3 (Groundball, 4M)
Top of the 7th over - 0 run(s), 0 hit(s), 0 error(s), 0 left on base; St Charles 6 - Portland 3
BOTTOM OF THE 7TH
Portland Cards batting - Pitching for St Charles Sheens : RHP Joe O'Sullivan
Batting: LHB Vicente Bueno 0-0: Ball
1-0: Fly out, F8 (Flyball, 8LXD)
Batting: RHB Lonson Seals 0-0: Ball
1-0: Called Strike
1-1: Ball
2-1: Ground out 4-3 (Groundball, 4)
Batting: RHB Pepe Medrano 0-0: Called Strike
0-1: Foul Ball, location: 2F
0-2: Fly out, F7 (Flyball, 7M)
Bottom of the 7th over - 0 run(s), 0 hit(s), 0 error(s), 0 left on base; St Charles 6 - Portland 3
TOP OF THE 8TH
St Charles Sheens batting - Pitching for Portland Cards : RHP Yong-hoon Park
Batting: RHB Dan Tyler 0-0: Called Strike
0-1: Ball
1-1: Swinging Strike
1-2: Ball
2-2: Strikes out swinging
Batting: LHB Bob Ware 0-0: Ball
1-0: Called Strike
1-1: Fly out, F8 (Flyball, 8RS)
Batting: RHB Judson Backstrom 0-0: Called Strike
0-1: Ball
1-1: Ground out 5-3 (Groundball, 56)
Top of the 8th over - 0 run(s), 0 hit(s), 0 error(s), 0 left on base; St Charles 6 - Portland 3
BOTTOM OF THE 8TH
Portland Cards batting - Pitching for St Charles Sheens : RHP Joe O'Sullivan
Batting: LHB Keith Beard 0-0: Called Strike
0-1: Ball
1-1: Ball
2-1: SINGLE (Line Drive, 89M)
Pitching: RHP Augusto Herrera
Batting: RHB Dani Vázquez Pickoff Throw to First - Out!
0-0: Ball
1-0: SINGLE (Groundball, 56D)
Pitching: LHP Rubén Martínez
Batting: LHB Jeff Daniels 0-0: Ball
1-0: Ball
2-0: Called Strike
2-1: Foul Ball, location: 2F
2-2: Strikes out swinging
Pitching: RHP Álex Villegas
Batting: LHB Paul Mullins 0-0: Ball
1-0: Ball
2-0: Ball
3-0: Base on Balls
Dani Vázquez to second
Batting: RHB Paco Arellano 0-0: Called Strike
0-1: SINGLE (Groundball, 25) (infield hit)
Dani Vázquez to third
Paul Mullins to second
Batting: RHB Germán Rosales 0-0: Called Strike
0-1: Ball
1-1: Ball
2-1: Foul Ball, location: 2F
2-2: Ball
3-2: Base on Balls
Dani Vázquez scores
Paul Mullins to third
Paco Arellano to second
Pitching: LHP Shan Liu
Pinch Hitting: RHB Claudio Guerra 0-0: Ball
1-0: GRAND SLAM HOME RUN (Flyball, 7D), Distance : 358 ft
Pitching: RHP Juan Rivera
Batting: RHB Lonson Seals 0-0: Ball
1-0: Called Strike
1-1: Called Strike
1-2: Foul Ball, location: 2F
1-2: Ball
2-2: Foul Ball, location: 2F
2-2: Foul Ball, location: 2F
2-2: Foul Ball, location: 2F
2-2: SINGLE (Line Drive, 89S)
Batting: RHB Pepe Medrano 0-0: Ball
1-0: Fielders Choice at 2nd, U6 (Groundball, 6M)
Bottom of the 8th over - 5 run(s), 5 hit(s), 0 error(s), 1 left on base; St Charles 6 - Portland 8
TOP OF THE 9TH
St Charles Sheens batting - Pitching for Portland Cards : RHP Yong-hoon Park
Pitching: RHP Armen Boyajian
Now in RF: Donovan Bird
Batting: LHB Juan Jose Rojas 0-0: Called Strike
0-1: SINGLE (Groundball, 34D)
Pinch Runner at 1st Kel Pierce:
Batting: LHB Stan Bates 0-0: Ball
1-0: Called Strike
1-1: Reached on error, E4 (Groundball, 4)
Kel Pierce to second
Batting: RHB Guillermo Sánchez 0-0: Called Strike
0-1: Foul Ball, location: 2F
0-2: Strikes out swinging
Pinch Hitting: LHB Marcos Cantú 0-0: Ball
1-0: Called Strike
1-1: Called Strike
1-2: SINGLE (Line Drive, 4D)
Kel Pierce to third
Stan Bates to second
Runner from 3rd tries for Home, SAFE, no throw or cutoff
Pinch Runner at 2nd Júlio Hernández:
Batting: SHB Theron Harper 0-0: Ball
1-0: Grounds into double play, 6-4-3 (Groundball, 6)
Top of the 9th over - 1 run(s), 2 hit(s), 1 error(s), 1 left on base; St Charles 7 - Portland 8
Monday, December 5th, 2016 - OOTP Baseball 17.12 Build 75